Cogmind - Beta 15 @@@ ROGUE MODE // 2025.05.28 @ 21:44:48 Player: celerysam Result: Destroyed by Piercing Trap Performance ------------- Evolutions (0) 0 Regions Visited (2) 400 Robots Destroyed (22) 110 Value Destroyed (613) 613 Prototype IDs (0) 0 Alien Tech Used (0) 0 Bonus (0) 0 TOTAL SCORE: 1123 Bonus ------- None Cogmind --------- Core Integrity 0/250 Matter 104/300 Energy 263/265 System Corruption 0% Temperature Cool (0) Movement Rolling (120) Ox2 Location -10/Subcaves Parts ------- > --- POWER (1) -------- Improved Ion Engine > --- PROPULSION (2) --- Wheel Compact Wheel > --- UTILITY (2) ------ High-capacity Storage Unit Makeshift Kinetic Plating > --- WEAPON (2) ------- Particle Gun Subdweller Beam Cannon > --- INVENTORY (20) --- Improved Ion Engine Light Treads Light Treads Subdweller Monowheel Improved Flight Unit Improved Flight Unit Improved Flight Unit Improved Flight Unit Heat Sink Disposable Heat Sink Small Storage Unit Structural Scanner Scrap Shield Makeshift Hacking Suite EM Pulse Gun Particle Gun Subdweller Shrapnel Launcher Mining Laser Welding Torch Peak State ------------ > --- POWER ------------ Improved Ion Engine > --- PROPULSION ------- Wheel Compact Wheel > --- UTILITY ---------- High-capacity Storage Unit Makeshift Kinetic Plating > --- WEAPON ----------- Particle Gun Subdweller Beam Cannon > --- INVENTORY -------- Improved Ion Engine Light Treads Light Treads Improved Flight Unit Improved Flight Unit Improved Flight Unit Improved Flight Unit Heat Sink Disposable Heat Sink Small Storage Unit Structural Scanner Makeshift Hacking Suite EM Pulse Gun Particle Gun Subdweller Shrapnel Launcher Mining Laser Welding Torch [Rating: 16] Favorites ----------- Power Improved Ion Engine Engine Improved Ion Engine Propulsion Wheel Leg Aluminum Leg Wheel Wheel Utility High-capacity Storage Unit Device Terrain Scanner Storage High-capacity Storage Unit Protection Makeshift Kinetic Plating Weapon Particle Gun Energy Gun Particle Gun Energy Cannon Subdweller Beam Cannon Ballistic Gun Assault Rifle Launcher Subdweller Shrapnel Launcher Special Weapon Mining Laser Build | -11 -10 -10 ------- Run | Yrd Mat Sub Slots Evolved . | . . . Power . | . . . Propulsion . | . . . Utility . | . . . Weapon . | . . . Parts Attached 24 | 6 5 13 Power 3 | 1 . 2 Engine 3 | 1 . 2 Core . | . . . Reactor . | . . . Propulsion 8 | 2 2 4 Treads . | . . . Leg 2 | 2 . . Wheel 6 | . 2 4 Hover . | . . . Flight . | . . . Utility 5 | 1 2 2 Device 2 | . 1 1 Storage 2 | 1 1 . Processor . | . . . Hackware . | . . . Protection 1 | . . 1 Artifact . | . . . Weapon 8 | 2 1 5 Energy Gun 3 | 1 1 1 Energy Cannon 1 | . . 1 Ballistic Gun 2 | 1 . 1 Ballistic Cannon . | . . . Launcher 1 | . . 1 Special Weapon 1 | . . 1 Impact Weapon . | . . . Slashing Weapon . | . . . Piercing Weapon . | . . . Special Melee Weapon . | . . . Unidentified Prototypes . | . . . Parts Lost 7 | . . 7 Power 2 | . . 2 Propulsion 3 | . . 3 Utility 1 | . . 1 Weapon 1 | . . 1 Highest Loss Streak 3 | . . 3 To Critical Strikes . | . . . Average Backups 17 | 4 15 19 Power 2 | . 2 2 Propulsion 7 | 3 7 8 Utility 2 | . 1 3 Weapon 3 | . 3 3 Tool/Special . | . . . Unused Backups 18 | . 3 15 Power 2 | . 1 1 Propulsion 7 | . . 7 Utility 4 | . . 4 Weapon 4 | . 2 2 Tool/Special 1 | . . 1 Average Slot Usage (%) 98 | . 98 98 Engine 13 | . 14 13 Leg 2 | . 6 . Wheel 25 | . 21 28 Device 12 | . 12 12 Storage 14 | . 14 14 Energy Gun 9 | . 14 7 Energy Cannon 3 | . . 5 Ballistic Gun 10 | . 14 7 Launcher 2 | . . 3 Special Weapon 2 | . . 3 Peak Build Rating 16 | 6 11 16 Average Rating 11 | 3 9 13 On Entrance 5 | . 6 11 Naked Turns . | . . . Heaviest Build 65 | 12 49 65 Greatest Support 36 | 20 26 36 Greatest Overweight (x) 2 | . 1 2 Average Overweight (x) 1 | . . 1 Largest Inventory Capacity 20 | 8 20 20 Average Capacity 18 | 6 17 20 Most Carried 20 | 6 20 20 Average Carried 17 | 4 15 19 Final Capacity 20 | 8 20 20 Final Carried 20 | 6 20 20 Class Distribution -------------------- 100% | Mutant Dominant Class ---------------- Mutant | -10/Materials Mutant | -10/Subcaves Resources | -11 -10 -10 ----------- Run | Yrd Mat Sub Matter Collected 516 | 131 242 143 Remotely . | . . . Salvage Created 574 | . 338 236 Parts 44 | . 30 14 Haulers Intercepted . | . . . Recyclers Shooed . | . . . Parts Field Recycled . | . . . Retrieved Matter . | . . . Parts Self-Destructed 9 | . . 9 Prevented . | . . . Kills | -11 -10 -10 ------- Run | Yrd Mat Sub Combat Hostiles Destroyed 19 | . 10 9 Guns 13 | . 10 3 Cannons 2 | . . 2 AOE 4 | . . 4 Classes Destroyed 5 | . 4 1 Worker 1 | . 1 . Watcher 2 | . 2 . Swarmer 5 | . 5 . Grunt 5 | . 5 . Subdweller 9 | . . 9 Best Kill Streak 4 | . 4 2 Combat Bots Only 3 | . 3 2 Max Kills in Single Turn 2 | . 2 1 Gunslinging 1 | . 1 . Exploded 1 | . . 1 Melee . | . . . Uniques/NPCs Destroyed . | . . . Combat | -11 -10 -10 -------- Run | Yrd Mat Sub Hostile Shots Fired 66 | . 28 38 Missed 19 | . 11 8 Hits 47 | . 17 30 Projectile 47 | . 17 30 Critical Strikes 2 | . . 2 Damage Taken 963 | . 167 796 Core 261 | . 41 220 Absorbed by Shields . | . . . Core Remaining (%) 100 | 100 . . Volleys Fired 56 | . 21 35 Largest 2 | . 2 2 Hottest 145 | . 85 145 Shots Fired 95 | . 37 58 Gun 71 | . 37 34 Cannon 5 | . . 5 Launcher 8 | . . 8 Special 11 | . . 11 Kinetic 47 | . 21 26 Thermal 47 | . 16 31 Explosive . | . . . Electromagnetic 1 | . . 1 Robot Hit Streak 13 | . 4 13 Robot Miss Streak 2 | . 2 1 Penetration Max . | . . . Secondary Targets 3 | . 2 1 Max Gunslinging Chain 1 | . 1 1 Shots Hit Robots 60 | . 22 38 Core Hits 31 | . 14 17 Critical Kills . | . . . Critical Parts Destroyed . | . . . Critical Strikes 1 | . 1 . Burn 1 | . 1 . Melee Attacks . | . . . Impact . | . . . Slashing . | . . . Piercing . | . . . Sneak Attacks . | . . . Combat Hostiles . | . . . Follow-up Attacks . | . . . Damage Inflicted 1516 | . 338 1178 Guns 770 | . 338 432 Cannons 81 | . . 81 Explosions 665 | . . 665 Melee . | . . . Ramming . | . . . Kinetic 1039 | . 174 865 Thermal 477 | . 164 313 Explosive . | . . . Electromagnetic . | . . . Impact . | . . . Slashing . | . . . Piercing . | . . . Highest Corruption . | . . . Average Corruption . | . . . Corruption Purged . | . . . Corruption Blocked . | . . . Overload Shots . | . . . Overflow Damage . | . . . Projectiles . | . . . Explosions . | . . . Melee . | . . . Knockbacks . | . . . Impact . | . . . Kinetic . | . . . Secondary . | . . . Self-Inflicted Damage . | . . . Shots . | . . . Rammed . | . . . Targets Rammed . | . . . Kicked . | . . . Crushed . | . . . Highest Temperature 301 | . 96 301 Average Temperature 66 | . 31 113 Received Heat Transfer 448 | . 48 400 Effects 1 | . . 1 Energy Bleed 1 | . . 1 Siege Activations . | . . . Martial Activations . | . . . Shielding Activations . | . . . Robots Disrupted . | . . . Combat Hostiles . | . . . Robots Corrupted . | . . . Combat Hostiles . | . . . Parts Fried . | . . . Impact Corruptions . | . . . Robots Melted . | . . . Combat Hostiles . | . . . Parts Melted . | . . . Heat Transferred 1110 | . 444 666 Parts Sabotaged . | . . . Parts Stolen . | . . . Parts Stripped . | . . . Power Chain Reactions . | . . . Alert | -11 -10 -10 ------- Run | Yrd Mat Sub Maximum Alert Level . | . . . Low Security (%) 100 | 100 100 . Level 1 . | . . . Level 2 . | . . . Level 3 . | . . . Level 4 . | . . . Level 5 . | . . . High Security . | . . . Max Security . | . . . Peak Influence 163 | . 163 . Initial . | . . . Average 49 | . 55 . Influence Increases 310 | . 310 . Destroy 0b10 Robot/C 200 | . 200 . Destroy 0b10 Robot/NC 15 | . 15 . Destroy Leader 44 | . 44 . Successful Hack 5 | . 5 . Destroy Structure 1 | . 1 . Lose Combat Pursuer 45 | . 45 . Influence Decreases 310 | . 164 146 Entered New Map 71 | . . 71 Time Decay 229 | . 164 65 Lost Part 10 | . . 10 Squads Dispatched 3 | . 3 . Investigation 1 | . 1 . Extermination . | . . . Reinforcement 2 | . 2 . Assault . | . . . Garrison . | . . . Intercept . | . . . Searches Triggered . | . . . Construction Impeded . | . . . Haulers Reinforced . | . . . Active Scanning Responses . | . . . Cargo Convoy Interrupts . | . . . Stealth | -11 -10 -10 --------- Run | Yrd Mat Sub Distress Signals 1 | . 1 . Communications Jammed . | . . . Distress Signals . | . . . Times Spotted 26 | . 17 9 Peak Tracking Total 4 | . 4 2 Tactical Retreats 3 | . 3 . Traps | -11 -10 -10 ------- Run | Yrd Mat Sub Traps Triggered 4 | . 1 3 Indirectly . | . . . Trap Hack Attempts . | . . . Triggered . | . . . Disarmed . | . . . Reprogrammed . | . . . Reused . | . . . Traps Extracted . | . . . Installed . | . . . Triggered . | . . . Machines | -11 -10 -10 ---------- Run | Yrd Mat Sub Machines Disabled . | . . . Max in Single Turn . | . . . Machines Repaired . | . . . Machines Dismantled . | . . . Machines Sabotaged . | . . . Overloaded Fab Kills . | . . . Hacking | -11 -10 -10 --------- Run | Yrd Mat Sub Machines Accessed 3 | . 2 1 Terminals 2 | . 2 . Fabricators . | . . . Repair Stations . | . . . Recycling Units . | . . . Scanalyzers . | . . . Garrison Access . | . . . Total Hacks 9 | . 4 5 Successful 8 | . 3 5 Failed 1 | . 1 . Catastrophic . | . . . Database Lockouts . | . . . Manual 3 | . 3 . Terminals 4 | . 4 . Fabricators . | . . . Repair Stations . | . . . Recycling Units . | . . . Scanalyzers . | . . . Garrison Access . | . . . Terminal Hacks 5 | . . 5 Record 5 | . . 5 Fabricator Hacks . | . . . Repair Station Hacks . | . . . Recycling Unit Hacks . | . . . Scanalyzer . | . . . Garrison Access Hacks . | . . . Unauthorized Hacks 3 | . 3 . Terminals 3 | . 3 . Assimilate 1 | . 1 . Botnet 2 | . 2 . Fabricators . | . . . Repair Stations . | . . . Recycling Units . | . . . Scanalyzers . | . . . Garrison Access . | . . . Data Cores Recovered . | . . . Used . | . . . Hacking Detections 2 | . 2 . Full Trace Events 1 | . 1 . Feedback Events . | . . . Feedback Blocked . | . . . Robot Schematics Acquired . | . . . Robots Built . | . . . Authchips . | . . . Time . | . . . Total Robot Build Rating . | . . . Part Schematics Acquired . | . . . Parts Built . | . . . Authchips . | . . . Time . | . . . Total Part Build Rating . | . . . Parts Repaired . | . . . Time . | . . . Parts Recycled . | . . . Recycled Matter . | . . . Retrieved Matter . | . . . Retrieved Components . | . . . Parts Scanalyzed . | . . . Part Schematics Acquired . | . . . Parts Damaged . | . . . Bothacking | -11 -10 -10 ------------ Run | Yrd Mat Sub Used RIF Installer . | . . . Robots Hacked . | . . . Non-combat . | . . . Combat . | . . . Robot Hacks Applied . | . . . Relay Couplers Released . | . . . Fabnet Peak Effective % . | . . . Robots Rewired . | . . . Allies Hacked . | . . . Hacks Repelled . | . . . Allies | -11 -10 -10 -------- Run | Yrd Mat Sub Total Allies . | . . . Largest Group . | . . . Highest-Rated Group . | . . . Highest-Rated Ally . | . . . Total Orders . | . . . Ally Attacks . | . . . Total Damage . | . . . Kills . | . . . Allies Corrupted . | . . . Allies Melted . | . . . Intel | -11 -10 -10 ------- Run | Yrd Mat Sub Active Infowar (turns) 1150 | . 547 603 Terrain 1150 | . 547 603 Robot Analysis Total . | . . . Derelict Logs Recovered 1 | . . 1 Drone Launches . | . . . Drone Recoveries . | . . . Exploration | -11 -10 -10 ------------- Run | Yrd Mat Sub Turns Passed 1747 | 73 584 1090 Spaces Moved 1318 | 55 448 815 Core 11 | 11 . . Treads . | . . . Legs 140 | 44 96 . Wheels 1167 | . 352 815 Hover . | . . . Flight . | . . . Fastest Speed 50 | 50 90 105 Average Speed 111 | 106 108 113 Slowest Speed 120 | 120 120 120 Overloaded Moves . | . . . Propulsion Burnouts . | . . . Robots Hopped . | . . . Potential Cave-ins . | . . . Cave-ins Triggered . | . . . Exploration Rate (%) 42 | 4 70 52 Regions Visited 2 Branch Regions 1 Pre-discovered Areas 1 | . . 1 Known Exits Taken . | . . . Unknown Exits Taken 2 | 1 1 . Scrap Searched . | . . . Spaces Dug . | . . . Terrain Destroyed 82 | . . 82 Melee . | . . . Projectile 2 | . . 2 AOE 80 | . . 80 Terrain Rammed . | . . . Walls Destroyed . | . . . Machines Disabled . | . . . Actions | -11 -10 -10 --------- Run | Yrd Mat Sub Total 1482 | 66 513 903 Wait 37 | . 10 27 Move 1316 | 54 447 815 Hop . | . . . Pick Up 35 | 6 22 7 Fast Attach 6 | 6 . . Attach 8 | . 1 7 Detach . | . . . Swap 13 | . 4 9 Drop 11 | . 8 3 Fire 56 | . 21 35 Melee . | . . . Ram . | . . . Kick . | . . . Crush . | . . . Escape Stasis . | . . . Rewire . | . . . Trap . | . . . Miscellaneous . | . . . Route ------- -11/Scrapyard -10/Materials (discovered 4 exits: [*Mat] / [*Min x2] / *Sub) -10/Subcaves (discovered 1 exit: [*Scr]) History --------- Turn | Location | Event 8 | -11/Scrapyard | Discovered new exit (range 16) 74 | -11/Scrapyard | Entered Materials 311 | -10/Materials | Build established: Mutant 332 | -10/Materials | Discovered new exit (range 9) 419 | -10/Materials | Discovered new exit (range 7) 585 | -10/Materials | Discovered new exit (range 8) 648 | -10/Materials | Discovered new exit (range 11) 658 | -10/Materials | Entered Subcaves 659 | -10/Subcaves | Approached by a straggling Scientist 664 | -10/Subcaves | Shifting Twisted Machinery released Sub. Shrapnel Launcher 665 | -10/Subcaves | Shifting Twisted Machinery released Battle Rifle 766 | -10/Subcaves | Shifting Twisted Machinery released Battle Rifle 783 | -10/Subcaves | Scientist uncovered a shortcut to Scraptown 819 | -10/Subcaves | Shifting Twisted Machinery released Sub. Machine Gun 823 | -10/Subcaves | Shifting Twisted Machinery released Mak. Hacking Suite 879 | -10/Subcaves | Shifting Twisted Machinery released Flamer 952 | -10/Subcaves | Learned location of Zion (-6) 952 | -10/Subcaves | Met a Zionite searching for "candidates" 974 | -10/Subcaves | Learned Materials terminal intel 1176 | -10/Subcaves | Visited Clippyterm 1179 | -10/Subcaves | Learned Factory emergency access door positions 1179 | -10/Subcaves | Learned Factory garrison access intel 1302 | -10/Subcaves | Lost 3 parts (1n1u1w) 1644 | -10/Subcaves | Core integrity fell below 50% 1692 | -10/Subcaves | Core integrity fell below 20% 1748 | -10/Subcaves | Destroyed by Piercing Trap Last Messages --------------- 01643_ Imp. Ion Engine destroyed. 01643_ Critical hit (Impale). 01647_ Triggered Shrapnel Trap. 01647_ An expanding cloud of shrapnel blasts out in all directions. 01647_ Wheel destroyed. 01687_ Acquired Mak. Kinetic Plating. 01690_ AM-GLA(R) destroyed. 01701_ LZ-L9P(R) destroyed. 01703_ Subatomizers dissect the Sub. Optics. 01713_ Acquired Sub. Monowheel. 01715_ Acquired Scrap Shield. 01716_ Acquired 75 matter. 01723_ Subatomizers dissect the Sub. Optics. 01726_ Acquired 14 matter. 01738_ Subatomizers dissect the Sub. Laser. 01748_ Triggered Piercing Trap. 01748_ Spikes shoot up from the floor. 01748_ Critical hit (Impale). Map ----- +----------------------------------------------------+ | ?????????????????????????????????????????????????? | | ?????????????????????????????????????????????????? | | ?????????????????????????????????????????????????? | | ?????????????????????????????????????????????????? | | ?????????????????????????????????????????????????? | | ?????????????? ?#???????????????????????????????? | | ?????????????? ?????????????????????????????? | | ?????????????? ??????????????????????????????? | | ?????????????? #??????????????????????????????? | | ?????????????# #??????????????????????????????? | | ?????????????# ###?? ???????????????????????? | | ???????????### ##? ???????????????????????? | | ??????????## ## ??????????????????????? | | ??????##### ??????????????????????? | | ?????## ??????????????????????? | | ?????# #???????????????????????? | | ??????# #???????????????????????? | | ??????# % ##??????????????????????? | | ???????#"" #??????????????????????? | | ???????#### #??????????????????????? | | ??????????# ### #??????????????????????? | | ??????????# ##??## #??????????????????????? | | ??????????# #???# ###????????????????????? | | ??????????# ### ###### ## ##???????????????????? | | ??????????####" ## #???????????????????? | | ?????????????## # @ ###?????????????????? | | ??????????????### #?????????????????? | | ????????????????#*[ ## ##?????????????????? | | ???????????????### ###;; ;#?????????????????? | | ???????????????#"#! ####; #?????????????????? | | ???????????????# ## ^"; ;#?????????????????? | | ???????????????# # #?????????????????? | | ??????????????## ## ; #?????????????????? | | ??????????????# #### ;# ##?????????####????? | | ??????????????# #??# # #???????### ##???? | | ??????????????# ##?# # #??????## ##??? | | ??????????????### #?## # #??????# #??? | | ????????????????# #?## # ##??????# #??? | | ???????????????? #?# # #??????# #### | | ???????????????? #?## ## #??##### ## | | ??????????????? #?## ## #?## # | | ??????????????? ### #?# ## ##?# # | | ?????????????? #??? #?## ### #?# ##### | | ?????????????? ???? #??# ## ##?##### ###???? | | ?????????????##???? #?## ###### ###?#?? | | ??????????????????? ### """""" ####? | | ??????????????????? ### """ &" ## | | ??????????????????? #?##"##### " ### | | ??????????????????? ???###???######## | | ????????????????????????????????## | +----------------------------------------------------+ Best States ------------- Heat Dissipation 25 Coolant Potential 50 Energy Generation 12 Energy Capacity 265 Matter Stores 300 Matter Capacity 300 Sight Range 16 Terrain Scan Range 14 Terrain Scan Density 10 Armor Coverage 100 Resistance: KI 10 Evasion (%) 55 Item Schematics ----------------- None Robot Schematics ------------------ None Fabricated ------------ Nothing Repaired ---------- Nothing Alien Tech Used ----------------- None Achievements -------------- None Challenges ------------ None Game ------ Seed AerolevRegenerativeWeb Manual? 0 Play Time 00:14:36 Cumulative 265.1 hours Start 2025.05.28 @ 21:25:43 End 2025.05.28 @ 21:44:48 Sessions 1 Manual Loads 0 Difficulty Rogue Special Mode None Game No. 400 Rogue 400 Adventurer 0 Explorer 0 Win Type - Total 1 Types 1/0/0/0/0/0/0/0/0/0 Lore% 63 Gallery% 62 Achievement% 43 Wizard Run 0 Options --------- Layout 1 ASCII 0 Keyboard 0 Movement Mouse Keybinds 0 Fullscreen 2 Font 24/Smallcaps Map View 50x35 Zoom Use 0% Tactical HUD 1 Map Filters NONE Filters NONE Steam 1 RUN: c3c3bd08-a1f7-409a-9980-779b265bf54e